AoeStats
← EMPEROR98265292

Nomad

508210680Analyzed
3v3 RM · 11d ago on Sep 21, 2026· 28m 34s· 6 players
Game mode
Random Map
Map size
210×210
Population
200
Speed
Normal
Resources
Standard
Victory
Conquest
Starting age
Dark Age
Ending age
Imperial Age
RankedLock teamsTeams togetherTeam positionsShared explorationLock speedFull tech treeHidden civsTurbo modeCheats
Victory
Defeat
🇹🇼 Persians · Taiwan
1636
+11
🇹🇼 Vietnamese · Taiwan
1584
+13
🇹🇼 Spanish · Taiwan
1575
+13
🇮🇳 Spanish · India
1548
-15
🇮🇳 Muisca · India
1516
-12
🇮🇳 Persians · India
1467
-10
EMPEROR98265292
3:36 Loom
16:04 Feudal Age
19:42 Castle Age
18:37 Stone Mining
18:36 Double-Bit Axe
20:59 Fletching
27:08 Bodkin Arrow
28:46 Padded Archer Armor
AP
3:02 Loom
12:13 Feudal Age
16:14 Town Watch
16:18 Double-Bit Axe
19:56 Castle Age
19:12 Fletching
20:58 Padded Archer Armor
20:57 Bodkin Arrow
22:00 Ballistics
Sanskari Ladka
8:03 Loom
14:32 Feudal Age
皮眼派對
5:10 Loom
27:35 Feudal Age
28:24 Fishing Lines
包莖
5:20 Loom
13:48 Feudal Age
17:47 Castle Age
17:05 Double-Bit Axe
19:14 Bow Saw
24:11 Padded Archer Armor
25:56 Leather Archer Armor
25:51 Fishing Lines
暴陽
13:39 Feudal Age
17:12 Castle Age
17:25 Fishing Lines
17:38 Double-Bit Axe
18:19 Medium Warships
20:18 Gold Mining
23:17 Loom
24:08 Wheelbarrow
23:19 Town Watch
24:06 Horse Collar
Connection lost

Rejoining the realm…

Still unreachable

The connection could not be restored.

Session expired

The server has moved on; the page needs a fresh start.